 Dungeon Crawl Stone Soup version 0.20.1-1-g8b1a95d (webtiles) character file.

44 mopl the Skirmisher (level 3, 0/30 HPs)
             Began as a Formicid Wanderer on Sept 22, 2017.
             Slain by a gnoll
             ... wielding a +0 whip
              (8 damage)
             ... on level 2 of the Dungeon.
             The game lasted 00:01:21 (761 turns).

mopl the Skirmisher (Formicid Wanderer)              Turns: 761, Time: 00:01:21

Health: 0/30       AC:  2    Str: 16    XL:     3   Next: 85%
Magic:  4/4        EV: 11    Int: 11    God:
Gold:   62         SH:  4    Dex: 11    Spells: 4/4 levels left

rFire    . . .     SeeInvis +   a - +2 spear
rCold    . . .     Gourm    .   c - +0 buckler
rNeg     . . .     Faith    .   d - +0 robe
rPois    .         Spirit   .   (helmet unavailable)
rElec    .         Reflect  .   (no cloak)
rCorr    .         Harm     .   (no gloves)
MR       .....                  (no boots)
Stlth    ++........             (no amulet)
Regen    0.1/turn               (no ring)
MPRegen  0.1/turn               (no ring)

@: no status effects
A: permanent stasis, dig shafts and tunnels, four strong arms, antennae 3
a: Dig, Shaft Self


You were on level 2 of the Dungeon.
You were not hungry.

You visited 1 branch of the dungeon, and saw 2 of its levels.

You collected 62 gold pieces.

Inventory:

Hand Weapons
 a - a +2 spear (weapon)
 m - a +0 dagger of venom
Missiles
 b - 4 needles of sleeping
 h - a throwing net (quivered)
Armour
 c - a +0 buckler (worn)
 d - a +0 robe (worn)
Wands
 o - a wand of flame (6/48)
Scrolls
 e - a scroll of amnesia {unknown}
 g - a scroll of blinking {unknown}
 i - 3 scrolls of enchant armour {unknown}
 k - a scroll of magic mapping {unknown}
 l - a scroll of identify {unknown}
Potions
 j - a potion of agility {unknown}
Comestibles
 f - a bread ration
 n - a chunk of flesh


   Skills:
 + Level 3.7 Fighting
 + Level 3.1 Armour
 - Level 1.2 Stealth
 + Level 2.5 Shields
 - Level 1.1 Spellcasting
   Level 1.7 Conjurations


You had 4 spell levels left.
You didn't know any spells.

Dungeon Overview and Level Annotations

Branches:
Dungeon (2/15)

Altars:


Innate Abilities, Weirdness & Mutations

You cannot be hasted, slowed, berserked, paralysed or teleported.
You can dig through walls and to a lower floor.
Your four strong arms can wield two-handed weapons with a shield.
You have a pair of large antennae on your head. (SInv)


Message History

You are too injured to fight recklessly!
You are too injured to fight recklessly!
You are too injured to fight recklessly!
You are too injured to fight recklessly!
You are too injured to fight recklessly!
You are too injured to fight recklessly!
You are too injured to fight recklessly!
You are too injured to fight recklessly!
You are too injured to fight recklessly!
You are too injured to fight recklessly!
You are too injured to fight recklessly!
You are too injured to fight recklessly!
You are too injured to fight recklessly!
You are too injured to fight recklessly!
You hit the gnoll.
The gnoll is heavily wounded.
The gnoll hits you with a whip.
* * * LOW HITPOINT WARNING * * *
The gnoll hits you with a whip!
You die...

#.............# #...#
#.............# #...#
#.............# #g..#
#.............# #...#
#.............# #...#
#............. ##{g.#
################{####
#g## ##@# ###


You could see a gnoll.

Vanquished Creatures
  Jessica (D:2)
  An ooze (D:1)
  A ball python (D:1)
  3 goblins (D:1)
  2 hobgoblins (D:1)
  2 kobolds (D:1)
  A bat (D:1)
  A frilled lizard (D:2)
  A rat (D:1)
13 creatures vanquished.

Notes
Turn   | Place    | Note
-------+----------+-------------------------------------------
     0 | D:1      | mopl the Formicid Wanderer began the quest for the Orb.
     0 | D:1      | mopl set off with: a +2 spear, the Disquisition on the Volcanoes, a +0 buckler, a +0 robe, a bread ration
     0 | D:1      | Reached XP level 1. HP: 18/18 MP: 2/2
     0 | D:1      | Identified the Disquisition on the Volcanoes
    82 | D:1      | Reached XP level 2. HP: 24/24 MP: 3/3
   318 | D:1      | Reached skill level 2 in Shields
   692 | D:2      | Noticed Jessica
   700 | D:2      | Killed Jessica
   700 | D:2      | Reached skill level 3 in Armour
   700 | D:2      | Reached XP level 3. HP: 30/30 MP: 4/4
   761 | D:2      | Slain by a gnoll

Skill      XL: |  1  2 |
---------------+-------+-----
Shields        | 2 |  2.5
Armour         | 3 |  3.1
Fighting       | |  3.7
Stealth        | |  1.2
Spellcasting   | |  1.1
Conjurations   | |  1.7

Action                   || total
-------------------------++-------
Melee: Spear             ||    39
 Abil: Dig               ||     3
 Stab: Sleeping          ||     2
Armor: Robe              ||     3
Dodge: Dodged            ||    15
Block: Buckler           ||     4
